 Dungeon Crawl Stone Soup version 0.27.0-1-g7a089689b8 (webtiles) character file.

Game seed: 10627868162354434691

6482 ZARRMARR the Basher (level 10, -14/90 HPs)
             Began as a Minotaur Berserker on Aug 16, 2021.
             Was a High Priest of Trog.
             Demolished by an enormous slime creature (38 damage)
             ... on level 9 of the Dungeon on Aug 17, 2021.
             The game lasted 00:41:07 (9545 turns).

ZARRMARR the Basher (Minotaur Berserker)            Turns: 9545, Time: 00:41:08

Health: -14/90     AC: 24    Str: 24    XL:     10   Next: 68%
Magic:  9/9        EV: 10    Int:  4    God:    Trog [*****.]
Gold:   412        SH:  5    Dex: 19    Spells: 9/9 levels left

rFire    . . .     SeeInvis .   w - +1 flail (protect)
rCold    . . .     Faith    +   z - +0 buckler
rNeg     . . .     Spirit   .   D - +0 plate armour
rPois    +         Reflect  .   (helmet restricted)
rElec    +         Harm     .   v - +0 cloak
rCorr    +         Rampage  +   m - +2 pair of gloves
Will     .....                  d - +1 pair of boots {rampage}
Stlth    ..........             p - amulet of faith
HPRegen  0.25/turn              x - +6 ring of dexterity
MPRegen  0.11/turn              a - ring of Areroqu {rElec rPois rCorr AC+4 Dex+2}

@: on berserk cooldown, slowed, very slow
A: horns 2, retaliatory headbutt
a: Renounce Religion, Berserk, Trog's Hand, Brothers in Arms


You were on level 9 of the Dungeon.
You worshipped Trog.
Trog was extremely pleased with you.
You visited 2 branches of the dungeon, and saw 10 of its levels.

You collected 412 gold pieces.

Inventory:

Hand Weapons
 w - a +1 flail of protection (weapon)
Missiles
 b - 233 stones
 y - 5 boomerangs (quivered)
 C - 3 poisoned darts
Armour
 d - a +1 pair of boots of rampaging (worn)
 m - a +2 pair of gloves (worn)
 v - a +0 cloak (worn)
 z - a +0 buckler (worn)
 D - a +0 plate armour (worn)
Jewellery
 a - the ring of Areroqu (right hand) {rElec rPois rCorr AC+4 Dex+2}
   (You found it on level 5 of the Dungeon)

   [ring of protection]

   AC:        It affects your AC (+4).
   Dex:       It affects your dexterity (+2).
   rElec:     It insulates you from electricity.
   rPois:     It protects you from poison.
   rCorr:     It protects you from acid and corrosion.
 p - an amulet of faith (around neck)
 x - a +6 ring of dexterity (left hand)
 H - the amulet of Mogrugoa {Spirit *Slow rPois Will+++ Int+4}
   (You took it off an orc warrior on level 8 of the Dungeon)

   [amulet of guardian spirit]

   It causes incoming damage to be divided between your reserves of health and
   magic.
   Int:       It affects your intelligence (+4).
   rPois:     It protects you from poison.
   *Slow:     It may slow you when you take damage.
   Will:      It greatly increases your willpower.
Wands
 u - a wand of charming (10)
 E - a wand of iceblast (6)
 F - a wand of flame (17)
 G - a wand of digging (4)
Scrolls
 g - 2 scrolls of vulnerability
 h - 2 scrolls of holy word
 i - 2 scrolls of teleportation
 o - 2 scrolls of noise
 q - a scroll of enchant armour {unknown}
 t - 2 scrolls of magic mapping {unknown}
Potions
 c - a potion of attraction {unknown}
 e - 2 potions of mutation
 f - 5 potions of curing
 j - 2 potions of resistance {unknown}
 k - a potion of invisibility {unknown}
 l - 2 potions of haste {unknown}
 n - 2 potions of lignification {unknown}
 r - 3 potions of heal wounds {unknown}
 s - a potion of ambrosia {unknown}
 A - 2 potions of degeneration {unknown}
 B - a potion of might {unknown}


   Skills:
 + Level 8.8 Fighting
 + Level 12.8 Maces & Flails
 + Level 5.6 Throwing
 + Level 8.2 Armour
 + Level 5.6 Dodging
 + Level 3.4 Shields


You had 9 spell levels left.
You didn't know any spells.
Your spell library contained the following spells:

 Spells                   Type           Power      Damage    Failure   Level
 Corpse Rot               Necr/Air       N/A        N/A       100%        2
 Ensorcelled Hibernation  Hex/Ice        0%         N/A       100%        2
 Poisonous Vapours        Pois/Air       0%         N/A       100%        2
 Spider Form              Tmut/Pois      0%         N/A       100%        3
 Freezing Cloud           Conj/Ice/Air   0%         6-21      100%        5
 Shadow Creatures         Summ           N/A        N/A       100%        6


Dungeon Overview and Level Annotations

Branches:
Dungeon (9/15)             Temple (1/1) D:7             Orc (0/2) D:9
   Lair: D:8-11

Altars:
Ashenzari
Cheibriados
Dithmenos
Elyvilon
Fedhas
Gozag
Hepliaklqana
Kikubaaqudgha
Makhleb
Nemelex Xobeh
Qazlal
Ru
Sif Muna
Trog
Uskayaw
Vehumet
Wu Jian
Xom
Yredelemnul
Zin
The Shining One

Shops:
D:9 (

Annotations:
D:9 Erolcha


Innate Abilities, Weirdness & Mutations

You have a pair of horns on your head.
You reflexively headbutt those who attack you in melee.


Message History

Trog accepts your kill. The wight hits you but does no damage.
Found a staircase to the Orcish Mines.
You sock the wight!
The wight is heavily damaged.
The wight barely misses you. You furiously retaliate!
You headbutt the wight!
You destroy the wight!
Trog accepts your kill.
You bludgeon the wight!!
You destroy the wight!
Trog accepts your kill.
A wight comes into view. It is wielding a +3 great sword.
The orc completely misses you. You furiously retaliate!
You headbutt the orc.
Two slime creatures merge to form a large slime creature.
Things that are here:
a +2 halberd; a +0 robe You thump the orc!
You kill the orc!
Trog accepts your kill.
You hit the slime creature. You headbutt the slime creature!
The slime creature is lightly wounded.
You sock the slime creature!
The slime creature is moderately wounded.
The slime creature misses you. You furiously retaliate!
You headbutt the slime creature!!
Two slime creatures merge to form a very large slime creature.
You are no longer berserk.
You are exhausted.
You feel yourself slow down.
Things that are here:
a +0 club; a +0 ring mail; an orc corpse You hit the orc but do no damage.
You headbutt the orc, but do no damage. The orc hits you but does no damage.
Two slime creatures merge to form an enormous slime creature.
The orc closely misses you. The enormous slime creature hits you!!!
Ouch! That really hurt!
* * * LOW HITPOINT WARNING * * *
The enormous slime creature hits you!!!
You die...

#.# #.#
#.# #.#
#.# #.#
#.# #.#
#.###.#
#.....#
#.#####
#.# #@#
#J# #.#
##z# ##..#
##.o##
###..##
#..)o#
#....##o##


You could see an enormous slime creature, an orc warrior and a wight.

Vanquished Creatures
  A slime creature (D:8)
  A skeletal warrior (D:8)
  Joseph (D:7)
  The ghost of jejorda2 the Sneak, a novice VSDe (D:6)
  Grinder (D:4)
  The ghost of Krazlmac the Skirmisher, an amateur OgBe of Trog (D:4)
  3 yaks (D:5)
  2 wyverns
  Eustachio (D:5)
  A water moccasin (D:9)
  2 orc warriors (D:8)
  An ice beast (D:3)
  2 black bears
  2 sky beasts
  A necrophage (D:7)
  4 ogres
  2 centaurs (D:8)
  A kobold brigand (D:7)
  4 bullfrogs
  3 scorpions
  9 wights
  4 howler monkeys
  An electric eel (D:8)
  A centaur zombie (D:8)
  A bullfrog skeleton (D:7)
  A jelly (D:5)
  2 centaur skeletons (D:7)
  A gnoll shaman (D:8)
  5 hounds
  5 orc priests
  2 iguanas
  Jessica (D:2)
  5 orc wizards
  A howler monkey zombie (D:8)
  8 gnolls
  9 adders
  An ufetubus (D:4)
  2 adder skeletons (D:4)
  A dart slug (D:1)
  21 orcs
  3 ball pythons (D:1)
  11 bats
  9 endoplasms
  A giant cockroach (D:4)
  7 goblins
  13 hobgoblins
  13 jackals
  11 kobolds
  A quokka (D:4)
  6 frilled lizards
  A quokka skeleton (D:4)
  4 rats
196 creatures vanquished.

Notes
Turn   | Place    | Note
-------+----------+-------------------------------------------
     0 | D:1      | ZARRMARR the Minotaur Berserker began the quest for the
                  | Orb.
     0 | D:1      | Reached XP level 1. HP: 19/19 MP: 0/0
   124 | D:1      | Reached skill level 4 in Maces & Flails
   124 | D:1      | Reached XP level 2. HP: 19/27 MP: 1/1
   593 | D:1      | Reached XP level 3. HP: 32/33 MP: 2/2
   639 | D:1      | Reached ** piety under Trog
  1022 | D:1      | Identified a scroll of acquirement
  1022 | D:1      | Acquired a +1 pair of boots of rampaging
  1147 | D:2      | Reached XP level 4. HP: 41/41 MP: 3/3
  1296 | D:2      | Noticed Jessica
  1308 | D:2      | Killed Jessica
  1309 | D:2      | Reached skill level 5 in Maces & Flails
  2168 | D:3      | Noticed an ice beast
  2186 | D:3      | Killed an ice beast
  2187 | D:3      | Reached skill level 5 in Fighting
  2187 | D:3      | Reached XP level 5. HP: 48/48 MP: 4/4
  2206 | D:3      | Found a broken altar of Ashenzari.
  2206 | D:3      | Found an opulent altar of Gozag.
  2211 | D:3      | Found a glowing golden altar of the Shining One.
  2211 | D:3      | Found a burning altar of Makhleb.
  2214 | D:3      | Found a glowing silver altar of Zin.
  2214 | D:3      | Found a white marble altar of Elyvilon.
  2227 | D:3      | Reached *** piety under Trog
  2805 | D:4      | Noticed a wyvern
  2816 | D:4      | Killed a wyvern
  2817 | D:4      | Reached skill level 6 in Maces & Flails
  2817 | D:4      | Reached skill level 1 in Throwing
  2817 | D:4      | Reached XP level 6. HP: 38/56 MP: 5/5
  2974 | D:4      | Noticed Grinder
  2974 | D:4      | You fall into a shaft and drop 2 floors!
  2982 | D:6      | Reached XP level 7. HP: 61/61 MP: 6/6
  3068 | D:5      | Entered Level 5 of the Dungeon
  3083 | D:5      | Reached skill level 7 in Maces & Flails
  3515 | D:5      | Noticed Eustachio
  3525 | D:5      | Killed Eustachio
  3526 | D:5      | Reached skill level 5 in Armour
  3531 | D:5      | Reached XP level 8. HP: 70/70 MP: 7/7
  3705 | D:5      | Reached skill level 8 in Maces & Flails
  3807 | D:5      | Reached skill level 9 in Maces & Flails
  3990 | D:5      | Identified the ring of Areroqu {rElec rPois rCorr AC+4
                  | Dex+2}
  4327 | D:4      | Reached **** piety under Trog
  4336 | D:4      | Killed Grinder
  4513 | D:4      | Found a runed translucent door.
  4606 | D:4      | Noticed Krazlmac's ghost (amateur OgBe)
  5026 | D:4      | Reached XP level 9. HP: 78/78 MP: 8/8
  5034 | D:4      | Killed Krazlmac's ghost
  5035 | D:4      | Reached skill level 5 in Dodging
  5271 | D:6      | Reached skill level 10 in Maces & Flails
  5624 | D:6      | Reached skill level 1 in Shields
  6084 | D:6      | Noticed jejorda2's ghost (novice VSDe)
  6109 | D:6      | Reached ***** piety under Trog
  6114 | D:6      | Found a runed translucent door.
  6290 | D:6      | Killed jejorda2's ghost
  6291 | D:6      | Reached skill level 11 in Maces & Flails
  6515 | D:7      | Noticed Joseph
  6525 | D:7      | Killed Joseph
  7112 | D:7      | Found a staircase to the Ecumenical Temple.
  7127 | Temple   | Entered the Ecumenical Temple
  7685 | D:8      | Reached XP level 10. HP: 88/88 MP: 9/9
  7827 | D:8      | Reached skill level 12 in Maces & Flails
  8052 | D:8      | Received a gift from Trog
  8275 | D:8      | Found a stormy altar of Qazlal.
  8279 | D:8      | Found a shimmering altar of Xom.
  8283 | D:8      | Found a hide-covered altar of Uskayaw.
  8329 | D:8      | Noticed a skeletal warrior
  8551 | D:8      | Killed an enormous slime creature
  8552 | D:8      | Reached skill level 5 in Throwing
  8886 | D:8      | Identified the amulet of Mogrugoa {Spirit *Slow rPois
                  | Will+++ Int+4}
  9095 | D:8      | Killed a skeletal warrior
  9215 | D:9      | Noticed Erolcha
  9523 | D:9      | Found Oderei's Weapon Shoppe.
  9529 | D:9      | Found a staircase to the Orcish Mines.
  9545 | D:9      | Demolished by an enormous slime creature

Illustrated notes

Levels and vault maps discovered:
D:1:      mrwooster_arrival_statue, layout_basic
D:2:      layout_basic, minmay_pentomino_x2, uniq_jessica
D:3:      layout_loops_cross, grunt_temple_overflow_open
D:4:      layout_cave_pools, ebering_ghost_sewer_d, uniq_grinder
D:5:      layout_loops_cross, uniq_eustachio
D:6:      layout_gridville, hellmonk_ghost_happy_afterlife
D:7:      layout_loops_ring, minmay_temple_entry_fiery, uniq_joseph
D:8:      layout_loops_ring, grunt_temple_overflow_diamond, st_stairs_11,
          kennysheep_island_fort
D:9:      kb_forest_paths, layout_basic, mainiacjoe_overflow_surrounded_room,
          orc_david_3, uniq_erolcha, uniq_gastronok
Temple:   minmay_temple_bridge_abc

Skill      XL: |  1  2  3  4  5  6  7  8  9 10 |
---------------+-------------------------------+-----
Maces & Flails | 4 5 6 7 9 11 12 | 12.8
Fighting       | 4 5 6 7 8 |  8.8
Dodging        | 3 4 5 |  5.6
Armour         | 3 4 5 6 7 8 |  8.2
Throwing       | 1 2 3 4 5 |  5.6
Shields        | 2 3 |  3.4

Action                   |  1- 3 |  4- 6 |  7- 9 | 10-12 || total
-------------------------+-------+-------+-------+-------++-------
Melee: Mace              |    58 |   103 |    61 |       ||   222
       Headbutt          |     9 |    20 |    61 |    37 ||   127
       Flail             |       |       |   141 |   107 ||   248
Throw: Stone             |       |    52 |    27 |     4 ||    83
       Dart              |       |       |       |    18 ||    18
       Boomerang         |       |       |       |    13 ||    13
Invok: Berserk           |       |     1 |    16 |     4 ||    21
  Use: Scroll            |     2 |     1 |     4 |       ||     7
 Stab: Sleeping          |     1 |       |     1 |       ||     2
       Distracted        |       |       |       |     1 ||     1
Armor: Animal skin       |    18 |     5 |       |       ||    23
       Ring mail         |       |    29 |    47 |       ||    76
       Plate armour      |       |       |    33 |    54 ||    87
Dodge: Dodged            |    50 |    65 |    93 |    36 ||   244
Block: Buckler           |       |       |    28 |    19 ||    47
